 Dungeon Crawl Stone Soup version 0.23.2 (webtiles) character file.

Game seed: 12491480637827510121

41 Borgoz the Sneak (level 3, 0/28 HPs)
             Began as a Ghoul Enchanter on Apr 4, 2019.
             Slain by a jackal (1 damage)
             ... on level 2 of the Dungeon.
             The game lasted 00:02:34 (876 turns).

Borgoz the Sneak (Ghoul Enchanter)                   Turns: 876, Time: 00:02:34

Health: 0/28       AC:  5    Str: 11    XL:     3   Next: 52%
Magic:  5/5        EV: 10    Int: 10    God:
Gold:   2          SH:  0    Dex: 10    Spells: 3/6 levels left

rFire    . . .     SeeInvis .   a - +1 dagger
rCold    + . .     Gourm    .   (no shield)
rNeg     + + +     Faith    .   e - +0 ring mail
rPois    ∞         Spirit   .   (no helmet)
rElec    .         Reflect  .   (no cloak)
rCorr    .         Harm     .   (no gloves)
MR       .....                  (no boots)
Stlth    +.........             (no amulet)
HPRegen  0.00/turn              (no ring)
MPRegen  0.09/turn              (no ring)

@: rotting
A: rotting body, claws 1, carnivore, cold resistance 1, negative energy
resistance 3, inhibited regeneration, torment resistance, unbreathing
a: no special abilities


You were on level 2 of the Dungeon.
You were not hungry.

You visited 1 branch of the dungeon, and saw 2 of its levels.

You collected 2 gold pieces.

Inventory:

Hand Weapons
 a - a +1 dagger (weapon)
Armour
 e - a +0 ring mail (worn)
Scrolls
 c - 2 scrolls of magic mapping {unknown}
 f - a scroll of enchant armour {unknown}
Comestibles
 b - 2 chunks of flesh
 d - 2 rations


   Skills:
 + Level 1.1 Fighting
 * Level 1.5 Short Blades
 + Level 0.5 Armour
 * Level 2.2 Dodging
 - Level 3.2 Stealth
 + Level 2.0 Spellcasting
 + Level 2.5 Hexes
 + Level 0.5 Ice Magic


You had 3 spell levels left.
You knew the following spells:

 Your Spells              Type           Power        Failure   Level  Hunger
a - Corona                Hex            #......      26%         1    ##.....
b - Ensorcelled Hibernat  Hex/Ice        #.....       52%         2    ###....

Your spell library contained the following spells:

 Spells                   Type           Power        Failure   Level  Hunger
 Confuse                  Hex            #.......     63%         3    ####...
 Tukima's Dance           Hex            #.......     63%         3    ####...
 Dazzling Spray           Conj/Hex       #.....       80%         3    ####...


Dungeon Overview and Level Annotations

Branches:
Dungeon (2/15)

Altars:


Innate Abilities, Weirdness & Mutations

Your body is rotting away.
You thrive on raw meat.
You are immune to poison.
You have sharp fingernails.
You are carnivorous and can eat meat at any time.
Your flesh is cold resistant. (rC+)
You are immune to negative energy. (rN+++)
You do not regenerate when monsters are visible.
You are immune to unholy pain and torment.
You can survive without breathing.


Message History

The jackal barely misses you.
You hit the jackal.
The jackal is severely wounded.
The jackal bites you.
* * * LOW HITPOINT WARNING * * *
You closely miss the jackal.
The jackal is severely wounded.
The jackal misses you.
You hit the jackal.
The jackal is severely wounded.
The jackal bites you.
* * * LOW HITPOINT WARNING * * *
The jackal barely misses you.
You closely miss the jackal.
The jackal is severely wounded.
The jackal completely misses you.
You miss the jackal.
The jackal is severely wounded.
The jackal bites you.
You die...

...# ..# ..+
..# ##.# ..#
#.# #@#
####h#
#<..g#
#......###
......#.#..
..#.###.#..#
# #.#..#
#.#..#
#.#..#


You could see a jackal and a hobgoblin.

Vanquished Creatures
  3 dart slugs (D:1)
  2 leopard geckos (D:1)
  A giant cockroach (D:1)
  7 goblins (D:1)
  2 hobgoblins (D:1)
  5 jackals (D:1)
  3 bats (D:1)
  2 frilled lizards (D:1)
  5 rats (D:1)
30 creatures vanquished.

Notes
Turn   | Place    | Note
-------+----------+-------------------------------------------
     0 | D:1      | Borgoz the Ghoul Enchanter began the quest for the Orb.
     0 | D:1      | Reached XP level 1. HP: 14/14 MP: 2/2
     6 | D:1      | Reached skill level 1 in Short Blades
    25 | D:1      | Reached XP level 2. HP: 6/22 MP: 3/3
    34 | D:1      | Learned a level 2 spell: Ensorcelled Hibernation
   487 | D:1      | Reached XP level 3. HP: 7/27 MP: 2/4
   497 | D:1      | Reached skill level 1 in Fighting
   874 | D:2      | HP: 1/28 [jackal (2)]
   876 | D:2      | Slain by a jackal

Skill      XL: |  1  2  3 |
---------------+----------+-----
Short Blades   | 1 |  1.5
Dodging        | 2 |  2.2
Fighting       | 1 |  1.1
Spellcasting   | 2 |  2.0
Armour         | |  0.5
Stealth        | |  3.2
Hexes          | |  2.5
Ice Magic      | |  0.5

Action                   || total
-------------------------++-------
Melee: Dagger            ||   150
 Cast: Ensorcelled Hiber ||     3
  Use: Potion            ||     1
 Stab: Sleeping          ||     1
  Eat: Chunk             ||     8
Armor: Ring mail         ||    73
Dodge: Dodged            ||    91
